Map: Rainfall LE

Players

NAT

  • Race: Terran Terran
  • League: Gold

A.I. 1 (Hard) - Winner!

  • Race: Zerg Zerg

VOD

Have the link to the VOD?

Description

Hellion banshee stuffs

Time

  • Played on: Oct. 14, 2026, 8:43 p.m.
  • Length: 9:39
Show
View Real Time Build Order
Export as new Build Order

NAT Terran 

Build Orders: Reaper Expand, Hellion Banshee 

Get SALT Encoding   

  12  0:00  SCV  
  13  0:12  SCV  
  14  0:16  Supply Depot  
  14  0:24  SCV  
  15  0:38  SCV  
  15  0:39  Barracks  
  16  0:43  Refinery  
  16  0:50  SCV  
  17  1:02  SCV  
  18  1:14  SCV  
  19  1:24  Reaper  
  19  1:27  Orbital Command  
  20  1:41  Command Center  
  20  1:48  Supply Depot  
  20  1:55  SCV  
  20  1:58  Marine  
  22  2:07  SCV  
  23  2:12  Factory  
  23  2:19  SCV  
  23  2:20  Barracks Reactor  
  24  2:35  Command Center  
  24  2:46  SCV  
  25  2:52  Orbital Command  
  25  2:58  SCV  
  26  3:02  Barracks Tech Lab  
  26  3:08  Starport  
  26  3:10  SCV, Refinery  
  27  3:17  Hellion  
  27  3:18  Hellion  
  31  3:30  SCV  
  31  3:31  SCV  
  33  3:41  Hellion x2  
  37  3:42  SCV  
  37  3:43  SCV  
  40  3:49  Orbital Command  
  40  3:54  Banshee  
  40  3:55  SCV x2  
  44  4:00  Cloaking Field  
  44  4:07  SCV x2, Barracks Tech Lab  
  46  4:11  Supply Depot  
  46  4:14  SCV  
  47  4:19  SCV x2, Hellion x2  
  53  4:26  SCV  
  53  4:31  SCV  
  55  4:35  SCV  
  55  4:36  Supply Depot  
  56  4:42  SCV  
  56  4:43  Supply Depot  
  56  4:44  Refinery  
  57  4:46  Refinery  
  57  4:50  SCV x2  
  59  4:54  SCV  
  60  5:00  Factory Reactor  
  60  5:02  SCV x2  
  60  5:04  Barracks  
  60  5:05  Engineering Bay  
  63  5:07  Engineering Bay  
  63  5:11  Orbital Command  
  63  5:14  SCV x2  
  63  5:20  Supply Depot  
  64  5:25  Barracks, Banshee  
  64  5:26  Barracks, SCV x2  
  64  5:27  Marine  
  70  5:28  Stimpack  
  70  5:31  Terran Infantry Weapons Level 1  
  70  5:38  SCV x2  
  70  5:39  SCV  
  63  5:50  SCV x2, Supply Depot  
  63  5:51  SCV  
  63  5:54  Barracks  
  63  5:55  Barracks, Supply Depot  
  63  5:57  Supply Depot  
  63  6:01  Marine  
  63  6:02  SCV  
  63  6:03  SCV x2  
  67  6:04  Factory Tech Lab  
  67  6:11  Marine x2, Supply Depot  
  68  6:14  SCV  
  68  6:15  SCV, Terran Infantry Armor Level 1  
  68  6:16  SCV  
  68  6:17  Supply Depot  
  72  6:19  Marine  
  73  6:30  Barracks Reactor  
  73  6:34  Supply Depot, Armory  
  73  6:37  Supply Depot  
  73  6:40  SCV  
  73  6:41  SCV  
  73  6:42  SCV  
  73  6:44  Supply Depot  
  73  6:45  Supply Depot  
  73  6:46  Marine x2  
  80  6:48  Barracks Reactor  
  80  6:50  Barracks Reactor  
  80  6:52  SCV  
  80  6:54  SCV x2  
  81  6:56  Refinery  
  81  6:57  Command Center  
  81  7:04  SCV  
  81  7:07  Marine x5  
  89  7:10  Marauder  
  89  7:15  Combat Shield  
  89  7:16  SCV x3  
  89  7:22  Refinery  
  92  7:25  Marine  
  92  7:28  SCV x2  
  95  7:34  SCV, Marine x4  
  95  7:35  Marine x4  
  95  7:36  Marauder  
  106  7:37  Siege Tank  
  106  7:38  Medivac x2  
  106  7:40  SCV x2  
  106  7:43  Marine  
  116  7:45  Supply Depot  
  116  7:46  SCV, Supply Depot  
  117  7:53  Marauder  
  117  7:55  Marine x2  
  117  7:56  Marine x6  
  127  8:00  Marine  
  128  8:09  Siege Tank  
  128  8:10  Supply Depot x2  
  131  8:15  Marauder  
  130  8:37  Marine x5  
  130  8:38  Marine x4  
  130  8:39  Marauder, Medivac  
  130  8:40  Medivac  
  148  8:41  Siege Tank  
  148  8:46  Command Center  
  148  8:49  Command Center  
  148  8:56  Command Center, Marauder  
  148  8:58  Orbital Command  
  148  9:00  Marauder  
  152  9:08  Marine x7  
  152  9:09  Marine  
  160  9:18  Marauder  
Show
View Real Time Build Order
Export as new Build Order

A.I. 1 (Hard) Zerg - Winner!

Build Orders: Hatch First 

Get SALT Encoding   

  12  0:00  Drone  
  13  0:12  Overlord  
  13  0:16  Drone  
  14  0:30  Drone  
  14  0:32  Drone  
  14  0:34  Drone  
  17  0:53  Hatchery  
  17  0:54  Drone  
  17  1:07  Spawning Pool  
  17  1:11  Drone  
  17  1:13  Drone  
  17  1:17  Extractor  
  17  1:19  Drone  
  18  1:27  Overlord  
  18  1:38  Drone  
  19  1:54  Queen  
  19  1:56  Zergling x2  
  19  1:59  Zergling x2  
  23  2:01  Roach Warren  
  23  2:05  Drone  
  23  2:06  Extractor  
  22  2:10  Drone  
  23  2:23  Drone  
  24  2:35  Overlord  
  24  2:43  Roach  
  26  2:44  Roach x2  
  26  2:45  Roach  
  32  2:53  Drone  
  32  2:55  Drone  
  32  2:58  Lair  
  34  3:15  Extractor, Drone  
  34  3:19  Drone  
  35  3:22  Drone  
  36  3:29  Overlord  
  36  3:32  Drone  
  37  3:36  Drone  
  38  3:44  Evolution Chamber, Drone  
  38  3:50  Evolution Chamber  
  38  3:53  Drone  
  38  3:58  Roach  
  38  4:00  Hydralisk Den  
  38  4:02  Drone  
  40  4:10  Roach  
  42  4:19  Overlord  
  42  4:29  Drone, Hydralisk  
  45  4:31  Drone  
  45  4:35  Drone  
  48  4:38  Drone  
  48  4:41  Hydralisk  
  48  4:42  Drone  
  48  4:44  Drone  
  52  4:49  Overlord  
  52  4:53  Drone, Hydralisk  
  52  4:55  Drone  
  52  4:58  Drone  
  57  5:02  Drone  
  57  5:04  Drone  
  59  5:07  Drone  
  59  5:09  Drone  
  59  5:12  Overlord  
  61  5:14  Drone  
  61  5:16  Drone  
  63  5:22  Zerg Melee Weapons Level 1  
  63  5:23  Drone  
  63  5:27  Drone  
  65  5:32  Zerg Ground Armor Level 1  
  65  5:34  Drone  
  66  5:38  Drone  
  66  5:39  Drone  
  66  5:42  Overlord  
  68  5:44  Drone  
  68  5:46  Drone  
  68  5:50  Drone  
  68  5:53  Burrow  
  68  5:55  Drone  
  70  6:01  Zergling x2  
  71  6:09  Overlord  
  71  6:13  Roach  
  73  6:21  Overseer  
  73  6:23  Overseer  
  75  6:25  Roach  
  75  6:29  Overlord, Baneling Nest  
  74  6:33  Spore Crawler, Drone  
  74  6:36  Spore Crawler  
  74  6:37  Drone, Roach  
  76  6:40  Spore Crawler  
  76  6:41  Drone  
  76  6:44  Spore Crawler  
  76  6:45  Drone  
  76  6:49  Queen  
  76  6:50  Roach  
  76  6:52  Overlord  
  80  7:02  Roach, Spine Crawler  
  80  7:04  Queen  
  80  7:05  Spine Crawler  
  80  7:07  Drone  
  83  7:10  Spine Crawler, Drone  
  83  7:14  Roach  
  85  7:15  Spine Crawler, Drone  
  85  7:17  Zerg Missile Weapons Level 1  
  85  7:21  Infestation Pit, Drone  
  85  7:25  Hydralisk  
  85  7:26  Spire, Drone  
  87  7:37  Hydralisk  
  89  7:50  Hydralisk  
  91  7:57  Overseer, Extractor, Overlord, Drone  
  91  8:19  Drone  
  92  8:21  Drone  
  92  8:23  Hydralisk  
  93  9:07  Overlord  
  93  9:08  Overseer  
  95  9:16  Hatchery  
Tags
 
Add a new tag
Caveats
  • Supply blocks, unpowered buildings, or Contaminate may cause inaccurate times.
  • Supply counts are checked every 10 seconds.